Map: Lost and Found LE

Players

Maya

  • Race: Zerg Zerg
  • League: Diamond
  • Spawn Location: 7:00

SaW - Winner!

  • Race: Terran Terran
  • League: Diamond
  • Spawn Location: 1:00

VOD

Have the link to the VOD?

Description

Time

  • Played on: Oct. 5, 2018, 10:54 a.m.
  • Length: 16:32
Show
View Real Time Build Order
Export as new Build Order

Maya Zerg 

Build Orders: Hatch First 

Get SALT Encoding   

  12  0:01  Drone  
  13  0:12  Overlord  
  13  0:16  Drone  
  14  0:30  Drone  
  14  0:31  Drone  
  16  0:36  Drone  
  17  0:51  Hatchery  
  17  0:54  Drone  
  17  0:57  Drone  
  18  1:07  Extractor  
  17  1:11  Spawning Pool  
  17  1:15  Drone  
  17  1:18  Drone  
  18  1:28  Drone  
  19  1:39  Overlord  
  19  1:50  Drone  
  20  1:58  Queen  
  20  2:00  Zergling x2  
  23  2:02  Queen  
  23  2:03  Zergling x2  
  26  2:09  Metabolic Boost  
  26  2:12  Drone  
  26  2:15  Drone  
  28  2:28  Drone x2  
  30  2:35  Hatchery  
  28  2:47  Drone x2, Overlord  
  28  2:48  Overlord  
  30  3:00  Queen  
  30  3:02  Queen  
  33  3:10  Drone x3  
  36  3:18  Drone x3  
  36  3:19  Drone  
  40  3:23  Drone x2  
  40  3:25  Drone  
  43  3:32  Drone x2  
  45  3:43  Overlord  
  45  3:45  Queen x2  
  49  3:50  Queen  
  49  3:52  Drone  
  52  3:58  Drone  
  52  3:59  Drone x4  
  57  4:05  Drone x3  
  60  4:13  Drone x5  
  60  4:17  Overlord  
  65  4:18  Overlord  
  65  4:21  Overlord  
  65  4:34  Queen x2  
  65  4:37  Zergling x12  
  75  4:40  Zergling x6  
  78  4:45  Evolution Chamber  
  78  4:46  Zergling x2  
  78  4:48  Evolution Chamber  
  78  4:51  Zergling x2  
  78  4:53  Overlord  
  78  4:56  Lair  
  78  4:58  Drone  
  78  4:59  Drone  
  80  5:00  Drone x3  
  80  5:01  Drone x2, Extractor  
  80  5:05  Drone x3  
  86  5:15  Drone x2  
  86  5:16  Drone  
  85  5:31  Drone x5  
  85  5:32  Overlord x2  
  85  5:33  Zerg Ground Armor Level 1  
  90  5:40  Extractor  
  90  5:42  Extractor  
  88  5:43  Extractor  
  88  5:44  Drone x4  
  88  5:47  Drone  
  92  5:50  Overlord  
  92  5:54  Hatchery  
  91  5:57  Zerg Melee Weapons Level 1  
  91  6:01  Spore Crawler  
  91  6:02  Drone, Spore Crawler  
  91  6:03  Drone x2  
  92  6:05  Extractor  
  92  6:06  Drone  
  85  6:16  Zergling x10  
  86  6:19  Zergling x2  
  85  6:25  Zergling x2  
  85  6:28  Zergling x4  
  85  6:29  Zergling x4  
  85  6:30  Queen x3  
  90  6:36  Zergling x10  
  84  6:44  Zergling x6  
  71  6:53  Zergling x6  
  61  7:04  Zergling x2  
  61  7:05  Queen x2, Zergling x16  
  61  7:06  Zergling x2  
  70  7:09  Zergling x4  
  66  7:16  Drone x2  
  66  7:18  Drone x2  
  66  7:19  Queen  
  72  7:32  Drone x7  
  72  7:35  Zerg Ground Armor Level 2  
  77  7:38  Drone  
  77  7:39  Drone x2  
  77  7:43  Baneling Nest  
  79  7:45  Queen  
  79  7:46  Hydralisk Den  
  79  7:47  Drone x4  
  79  7:48  Drone x3  
  79  7:50  Drone  
  88  7:53  Drone x2  
  90  8:01  Drone x2  
  90  8:03  Drone  
  93  8:07  Drone, Zerg Melee Weapons Level 2  
  93  8:09  Drone  
  95  8:18  Drone x3  
  95  8:19  Drone  
  99  8:21  Zergling x12  
  99  8:22  Zergling x4  
  107  8:27  Queen  
  107  8:28  Queen  
  107  8:30  Baneling  
  107  8:31  Baneling x7  
  107  8:32  Zergling x2  
  112  8:36  Overlord x2  
  112  8:37  Overlord  
  111  8:46  Zergling x4  
  111  8:47  Overlord, Zergling x4  
  111  8:48  Overlord x3  
  111  8:53  Infestation Pit, Muscular Augments  
  109  8:55  Centrifical Hooks  
  107  9:09  Drone x2  
  108  9:10  Drone x11  
  117  9:24  Hatchery  
  117  9:28  Overlord x2  
  117  9:30  Hive  
  116  9:34  Hydralisk x6  
  116  9:36  Hydralisk  
  129  9:40  Hydralisk  
  129  9:42  Hydralisk x2  
  129  9:45  Hydralisk  
  137  9:51  Extractor  
  137  9:52  Spore Crawler  
  135  9:53  Extractor  
  135  9:56  Baneling  
  135  9:57  Baneling x17  
  135  9:58  Zergling x6  
  135  9:59  Hydralisk  
  131  10:02  Hydralisk x2  
  131  10:04  Grooved Spines  
  137  10:10  Zergling x6, Hydralisk x2  
  137  10:11  Zergling x2  
  113  10:22  Zergling x2, Hydralisk x2  
  113  10:23  Zergling x2  
  110  10:28  Hydralisk  
  110  10:29  Zergling x2  
  110  10:31  Zergling x2  
  110  10:33  Zergling x6  
  117  10:39  Zergling x4, Hydralisk x2  
  117  10:41  Baneling  
  117  10:42  Baneling x3  
  120  10:43  Zergling x2  
  120  10:45  Zerg Ground Armor Level 3  
  120  10:46  Zerg Melee Weapons Level 3  
  120  10:49  Zergling x6  
  122  11:01  Hydralisk x4  
  129  11:08  Zergling x2, Hydralisk x2  
  129  11:09  Zergling x4  
  131  11:13  Baneling  
  131  11:14  Baneling x4  
  131  11:17  Adrenal Glands  
  131  11:22  Hydralisk  
  131  11:23  Zergling x4  
  133  11:27  Baneling  
  133  11:28  Baneling x7  
  133  11:30  Zergling x2  
  127  11:49  Hydralisk  
  127  11:50  Zergling x6  
  129  12:02  Spore Crawler, Extractor  
  129  12:03  Spine Crawler x3  
  129  12:04  Ultralisk Cavern  
  129  12:07  Extractor  
  122  12:14  Zergling x16, Hatchery  
  122  12:15  Zergling x2  
  130  12:17  Queen  
  130  12:18  Overlord  
  130  12:22  Overlord  
  132  12:30  Overlord x2  
  132  12:31  Overlord x2  
  132  12:40  Queen  
  134  12:45  Zergling x4  
  136  12:57  Ultralisk x3  
  154  12:58  Overlord  
  154  13:12  Drone x2  
  156  13:13  Drone x6  
  156  13:15  Baneling  
  156  13:16  Baneling x5  
  155  13:28  Hydralisk  
  155  13:29  Zergling x6, Hydralisk  
  155  13:30  Zergling x14  
  166  13:40  Zergling x8  
  170  13:43  Baneling  
  170  13:44  Baneling x3  
  167  13:54  Hydralisk  
  167  13:55  Overlord, Hydralisk x4  
  168  13:58  Drone  
  168  13:59  Drone x2  
  166  14:08  Zergling x8  
  166  14:09  Ultralisk Cavern  
  156  14:15  Hatchery  
  148  14:17  Drone  
  148  14:18  Drone x2  
  146  14:30  Viper  
  146  14:31  Viper x2  
  149  14:34  Zerg Missile Weapons Level 1  
  155  14:43  Drone  
  155  14:44  Drone x2  
  158  14:55  Hatchery  
  153  15:04  Ultralisk x2  
  153  15:05  Chitinous Plating  
  164  15:10  Zergling x18  
  171  15:21  Ultralisk  
  177  15:39  Infestor x2  
  177  15:40  Infestor x2  
  180  16:02  Hydralisk x3  
  186  16:04  Overlord x2  
Show
View Real Time Build Order
Export as new Build Order

SaW Terran - Winner!

Build Orders: Reaper Expand, MMM Bio 

Get SALT Encoding   

  12  0:00  SCV  
  13  0:12  SCV  
  14  0:17  Supply Depot  
  14  0:25  SCV  
  15  0:38  SCV  
  15  0:41  Barracks  
  16  0:44  Refinery  
  16  0:51  SCV  
  17  1:03  SCV  
  18  1:15  SCV  
  19  1:28  Orbital Command, Reaper  
  20  1:39  Command Center  
  20  1:49  Barracks  
  20  1:53  SCV  
  21  2:00  Barracks Reactor  
  21  2:02  Refinery  
  21  2:06  SCV  
  22  2:10  Supply Depot  
  22  2:18  SCV  
  23  2:31  SCV  
  23  2:36  Marine  
  23  2:37  Marine, Barracks Tech Lab  
  25  2:39  Factory  
  25  2:43  SCV  
  27  2:54  Orbital Command  
  27  2:55  SCV  
  28  3:05  Marine  
  28  3:06  Marine x2  
  28  3:08  SCV  
  28  3:10  Stimpack  
  32  3:20  SCV  
  32  3:23  Marine  
  32  3:24  Marine x2  
  32  3:25  Starport  
  36  3:27  Factory Reactor  
  36  3:35  SCV  
  36  3:40  Supply Depot  
  36  3:41  Marine x2  
  37  3:42  Marine  
  37  3:44  SCV  
  37  3:47  SCV  
  42  3:54  Supply Depot  
  42  3:56  SCV  
  42  3:59  Marine x2  
  42  4:00  SCV  
  42  4:02  Marine, Supply Depot  
  47  4:08  Medivac x2  
  51  4:11  SCV  
  51  4:16  Marine  
  53  4:17  Marine  
  53  4:19  Marine  
  53  4:21  Supply Depot  
  53  4:24  SCV x2  
  57  4:32  Engineering Bay  
  57  4:34  Marine  
  57  4:35  Marine  
  57  4:36  Engineering Bay  
  57  4:37  Marine  
  57  4:38  SCV  
  61  4:45  Medivac  
  61  4:51  Supply Depot  
  61  4:52  Marine, SCV x2  
  66  4:53  Marine  
  66  4:55  Reaper  
  68  5:04  Terran Infantry Armor Level 1, Terran Infantry Weapons Level 1  
  68  5:10  Marine  
  68  5:11  Marine  
  66  5:16  Combat Shields  
  65  5:27  Marine  
  65  5:28  Marine x2  
  62  5:43  SCV x2  
  62  5:44  Barracks x2  
  62  5:45  Marine x2, Refinery  
  62  5:47  Barracks  
  66  5:52  Command Center  
  66  5:53  Marine  
  66  5:55  Factory Tech Lab  
  67  5:58  SCV x2  
  67  6:00  Supply Depot  
  67  6:03  Marine x2  
  71  6:05  Starport Reactor  
  71  6:10  SCV  
  71  6:11  SCV  
  72  6:21  Marine x2  
  72  6:23  SCV x2  
  73  6:35  Marine x2  
  75  6:40  Barracks Reactor, SCV  
  75  6:42  Armory  
  73  6:51  Marine x2  
  73  6:53  Marine, Medivac  
  73  6:54  Medivac, Siege Tank  
  80  6:57  Supply Depot x2  
  80  6:59  Supply Depot, Refinery  
  80  7:00  Barracks Reactor  
  79  7:09  Marine  
  80  7:26  Medivac, Siege Tank  
  85  7:32  Refinery  
  85  7:34  Orbital Command  
  85  7:36  Supply Depot x2  
  84  7:45  SCV x2  
  86  7:55  Supply Depot  
  86  7:56  Terran Vehicle Weapons Level 1  
  86  7:57  SCV x2, Terran Infantry Weapons Level 2  
  88  8:03  Marine  
  88  8:04  Marine x8, Refinery  
  97  8:08  Terran Infantry Armor Level 2  
  97  8:16  Medivac  
  97  8:17  SCV x3  
  102  8:20  Supply Depot  
  102  8:21  Marine x2  
  102  8:22  Marine x7  
  102  8:24  Supply Depot  
  111  8:29  SCV  
  111  8:30  SCV x2  
  114  8:35  Command Center  
  114  8:39  Marine x3  
  114  8:40  Marine x6  
  114  8:41  Siege Tank  
  120  8:42  SCV  
  120  8:45  Supply Depot  
  118  8:57  Marine x3  
  118  8:58  Marine  
  118  9:02  Marine x3  
  123  9:03  Marine x2  
  123  9:05  Medivac x2  
  131  9:10  Supply Depot x2  
  131  9:15  Marine  
  131  9:25  Marine x2  
  131  9:26  Marine x3  
  136  9:36  Barracks  
  136  9:37  Barracks  
  136  9:40  SCV x3  
  139  9:52  SCV  
  140  10:11  Marine x9  
  140  10:13  Medivac x2, Siege Tank  
  149  10:17  Factory  
  131  10:23  Barracks x2  
  131  10:25  SCV  
  131  10:28  Marine, Orbital Command  
  128  10:29  Marine x3  
  132  10:36  Orbital Command  
  132  10:37  Marine  
  132  10:38  Marine x4  
  137  10:44  Terran Infantry Weapons Level 3  
  137  10:45  Terran Infantry Armor Level 3  
  137  10:46  Marine  
  137  10:47  Marine  
  137  10:48  Marine x2  
  137  10:49  Medivac x2, Siege Tank  
  148  10:52  Barracks Reactor, Barracks Tech Lab  
  148  10:55  Marine, Factory  
  148  10:56  Marine, Marauder  
  152  11:00  SCV x2  
  154  11:04  Orbital Command  
  134  11:12  SCV  
  134  11:17  Barracks, Barracks Reactor  
  135  11:18  Barracks  
  135  11:26  Marine x3  
  135  11:31  Marine x4  
  128  11:40  Marine x4, Marauder x2  
  128  11:44  Marine x3  
  138  11:51  Factory Tech Lab  
  131  11:58  Marine, Refinery  
  131  12:00  Command Center  
  130  12:02  Marauder  
  132  12:10  Marine x3  
  132  12:11  Marine x3, Marauder  
  140  12:18  Medivac x2  
  140  12:19  Siege Tank x2  
  140  12:20  Marine  
  151  12:30  Marine x7, Marauder  
  151  12:31  Marine x2, Factory Tech Lab  
  151  12:33  SCV  
  151  12:34  SCV  
  151  12:35  Marine x2  
  166  12:38  Terran Vehicle Weapons Level 2  
  166  12:43  Fusion Core  
  166  12:48  Medivac  
  166  12:49  SCV x2  
  166  12:50  SCV  
  171  12:52  Refinery  
  171  12:53  Supply Depot  
  171  12:54  Marine x3, Supply Depot  
  171  12:55  Marine x3, Marauder  
  176  13:13  Marine x2  
  176  13:14  Marine, Marauder  
  176  13:16  Marauder  
  176  13:17  Orbital Command  
  176  13:18  SCV  
  176  13:19  SCV x2  
  178  13:31  Marine x3  
  178  13:32  Marine x3  
  178  13:35  Marauder  
  178  13:37  Marauder  
  182  13:44  Marine x2  
  182  13:45  Marine  
  182  13:48  Liberator  
  184  13:51  Marine x2  
  184  13:52  Marine x2  
  176  13:56  Marine x4, Marauder  
  176  13:59  Marauder  
  170  14:03  Marine x3  
  170  14:04  Marine, Siege Tank x3  
  168  14:18  Marauder  
  168  14:20  Marine x3, Marauder  
  166  14:31  Orbital Command  
  165  14:32  Marine x3  
  165  14:33  Marine x2  
  165  14:36  Siege Tank  
  173  14:39  Marine x2, Marauder  
  173  14:42  Marauder  
  173  14:43  Barracks Reactor  
  173  14:44  Barracks Tech Lab x2  
  178  14:46  Marine x3  
  179  15:01  Marauder  
  179  15:03  Marauder  
  183  15:11  SCV x2  
  183  15:12  SCV x2  
  183  15:14  Marine x6, Marauder x2  
  197  15:22  Marauder  
  199  15:46  Command Center x2  
  194  15:53  Refinery  
  194  15:54  Marine x3  
  194  15:55  Marauder x3  
  192  15:57  Refinery  
  192  16:12  Marine  
  192  16:13  Marine x2  
Tags
 
Add a new tag
Caveats
  • Supply blocks, unpowered buildings, or Contaminate may cause inaccurate times.
  • Supply counts are checked every 10 seconds.